AoeStats
← 知耻而后勇喜笑颜开

Arabia

510052656Analyzed
1v1 RM · 2d ago on Sep 29, 2026· 18m 49s· 2 players
Game mode
Random Map
Map size
Tiny (2 player)
Population
200
Speed
Normal
Resources
Standard
Victory
Conquest
Starting age
Dark Age
Ending age
Imperial Age
RankedLock teamsTeams togetherTeam positionsShared explorationLock speedFull tech treeHidden civsTurbo modeCheats
Victory
Defeat
1427
+20
🇨🇴 Mongols · Colombia
1507
-20
[KT] The Best
10:24 Loom
12:56 Feudal Age
13:58 Double-Bit Axe
13:53 Horse Collar
15:18 Scale Barding Armor
知耻而后勇喜笑颜开
8:47 Feudal Age
8:57 Man-at-Arms
9:28 Loom
11:14 Arson
13:34 Town Watch
16:55 Wheelbarrow
16:51 Gold Mining
Connection lost

Rejoining the realm…

Still unreachable

The connection could not be restored.

Session expired

The server has moved on; the page needs a fresh start.